 Dungeon Crawl Stone Soup version 0.23-a0-290-g290e36d (webtiles) character file.

42 b5mith the Skirmisher (level 3, -3/51 HPs)
             Began as a Minotaur Berserker on Oct 3, 2018.
             Was a Believer of Trog.
             Slain by Robin
             ... wielding a +2 spear of piercing
              (6 damage)
             ... on level 2 of the Dungeon.
             The game lasted 00:02:40 (1126 turns).

b5mith the Skirmisher (Minotaur Berserker)          Turns: 1126, Time: 00:02:40

Health: -3/51      AC:  2    Str: 27    XL:     3   Next: 35%
Magic:  2/2        EV: 12    Int:  4    God:    Trog [**....]
Gold:   36         SH:  0    Dex:  9    Spells: 2/2 levels left

rFire    . . .     SeeInvis +   a - +0 falchion
rCold    . . .     Gourm    .   (no shield)
rNeg     . . .     Faith    .   b - +0 animal skin
rPois    .         Spirit   .   (helmet restricted)
rElec    .         Reflect  .   (no cloak)
rCorr    .         Harm     .   (no gloves)
MR       .....                  (no boots)
Stlth    ..........             (no amulet)
HPRegen  0.17/turn              j - ring of see invisible
MPRegen  0.08/turn              i - ring of stealth

@: berserking (expiring), very quick
A: retaliatory headbutt, horns 2
a: Berserk, Trog's Hand, Renounce Religion


You were on level 2 of the Dungeon.
You worshipped Trog.
Trog was pleased with you.
You were not hungry.

You visited 1 branch of the dungeon, and saw 2 of its levels.

You collected 36 gold pieces.

Inventory:

Hand Weapons
 a - a +0 falchion (weapon)
 g - a +3 dagger
   (You took it off a goblin on level 1 of the Dungeon)
Missiles
 d - 86 stones (quivered)
Armour
 b - a +0 animal skin (worn)
Jewellery
 i - a ring of stealth (right hand)
   (You found it on level 1 of the Dungeon)
 j - a ring of see invisible (left hand)
   (You found it on level 1 of the Dungeon)
Scrolls
 k - a scroll of teleportation {unknown}
 n - a scroll of identify {unknown}
Potions
 h - 2 potions of brilliance {unknown}
 m - a potion of cancellation {unknown}
Comestibles
 c - 2 rations


   Skills:
 + Level 4.6 Fighting
 + Level 4.6 Long Blades
 - Level 2.4 Armour
 - Level 2.1 Dodging


You had 2 spell levels left.
You didn't know any spells.
Your spell library was empty.

Dungeon Overview and Level Annotations

Branches:
Dungeon (2/15)

Altars:

Annotations:
D:2 Robin


Innate Abilities, Weirdness & Mutations

You reflexively headbutt those who attack you in melee.
You have a pair of horns on your head.


Message History

You barely miss the hobgoblin. The hobgoblin hits you with a club!
Robin closely misses you.
You closely miss the hobgoblin. The hobgoblin hits you with a club.
* * * LOW HITPOINT WARNING * * *
A goblin comes into view.
Robin throws the goblin at you!
You are too injured to fight recklessly!
You are too injured to fight recklessly!
You are too injured to fight recklessly!
You are too injured to fight recklessly!
You are too injured to fight recklessly!
You are too injured to fight recklessly!
A red film seems to cover your vision as you go berserk!
You feel yourself moving faster!
You feel mighty!
You feel a lot more hungry. The hobgoblin hits you with a club.
* * * LOW HITPOINT WARNING * * *
The goblin hits you but does no damage.
A hobgoblin comes into view. It is wielding a club.
Robin closely misses you.
The hobgoblin shouts!
You slash the goblin!
You kill the goblin!
Trog accepts your kill. The hobgoblin hits you with a club.
* * * LOW HITPOINT WARNING * * *
You closely miss the hobgoblin. Your headbutt misses the hobgoblin.
Robin's bangles clink loudly.
Robin hits you from afar with a spear of piercing.
* * * LOW HITPOINT WARNING * * *
x2 The hobgoblin hits you with a club.
* * * LOW HITPOINT WARNING * * *
You slash the hobgoblin!
You kill the hobgoblin!
Trog accepts your kill. Robin throws the goblin at you!
* * * LOW HITPOINT WARNING * * *
Items here: )) †† a club x2; a hobgoblin corpse; a goblin corpse You hit Robin but do no damage.
Robin hits you with a spear of piercing.
* * * LOW HITPOINT WARNING * * *
x2 The goblin barely misses you.
You barely miss Robin. Robin closely misses you.
You barely miss Robin. You headbutt Robin!
Robin is heavily wounded.
The goblin misses you.
You riposte.
You slash the goblin!
You kill the goblin!
Trog accepts your kill.
Robin hits you with a spear of piercing.
You die...

############ #
#..=.......# #.
####.########.# +..
+.>..#.# #.#
##...##.#.#<# #.#
#.......#.#.######.#
#.#####†#.#.#......#
#)#.#.#.######
#@#.#.#.# #g#.#.#.#
.g#.#.#.# ##...#.#.#
##. #...# ..#.###
..### ..#


You could see Robin and a hobgoblin.

Vanquished Creatures
  An ooze (D:1)
  A dart slug (D:1)
  3 bats (D:1)
  3 giant cockroaches (D:1)
  10 goblins
  3 hobgoblins
  2 jackals (D:1)
  2 kobolds (D:1)
  A frilled lizard (D:1)
  6 rats (D:1)
32 creatures vanquished.

Notes
Turn   | Place    | Note
-------+----------+-------------------------------------------
     0 | D:1      | b5mith the Minotaur Berserker began the quest for the Orb.
     0 | D:1      | Reached XP level 1. HP: 19/19 MP: 0/0
   209 | D:1      | Reached XP level 2. HP: 20/27 MP: 1/1
   753 | D:1      | Reached XP level 3. HP: 34/34 MP: 2/2
   870 | D:1      | Reached ** piety under Trog
  1114 | D:2      | Noticed Robin
  1126 | D:2      | Slain by Robin

Vault maps used:
D:1:      lemuel_arrival_cross, serial_curves, eino_curves_03, eino_curves_02
D:2:      cheibrodos_greedy_goblins, minmay_overflow_temple_hex,
          grunt_temple_overflow_open, first_ration, uniq_robin

Skill      XL: |  1 |
---------------+----+-----
Fighting       | 4 |  4.6
Long Blades    | 4 |  4.6
Armour         | |  2.4
Dodging        | |  2.1

Action                   || total
-------------------------++-------
Melee: Falchion          ||    65
       Headbutt          ||     9
Invok: Berserk           ||     2
 Stab: Sleeping          ||     3
  Eat: Chunk             ||     2
Armor: Animal skin       ||    15
Dodge: Dodged            ||    42
       Rpst.: Falchion   ||    15

Table legend:
 A = Non-vault XP
 B = Vault XP
 C = Vault XP percentage of total XP
 D = Non-vault monster count
 E = Vault monster count
 F = Vault count percentage of total count
                 A         B        C        D         E       F
            +---------+---------+-------+---------+---------+-------
      Total |      48 |      13 |  21.3 |      25 |       7 |  21.9
            +---------+---------+-------+---------+---------+-------
        D:1 |      48 |       0 |   0.0 |      25 |       0 |   0.0
        D:2 |       0 |      13 | 100.0 |       0 |       7 | 100.0
            +---------+---------+-------+---------+---------+-------
